[Event "NED-ch U14 Youth 2019"]
[Site "Assen"]
[Date "2019.05.02"]
[Round "7.4"]
[White "Bartels, Vladimir"]
[Black "Labruyere, Roger"]
[Result "0-1"]
[ECO "B23"]
[WhiteElo "1748"]
[BlackElo "1922"]
[Annotator "NA"]
[PlyCount "78"]
[EventDate "2019.04.28"]
[EventType "swiss"]
[EventCountry "NED"]
[SourceTitle "playchess.com"]
[Source "ChessBase"]
[SourceQuality "1"]
[TimeControl "5400+30"]

1. e4 c5 2. Nc3 d6 3. f4 Nc6 4. Nf3 g6 5. Bc4 Bg7 6. d3 e6 7. O-O Nge7 8. Qe1 O-O 9. Qh4 Nd4 10. Nxd4 cxd4 11. Ne2 d5 12. Bb3 b5 13. Bd2 dxe4 14. dxe4 Re8 15. Qg3 a5 16. a3 Bb7 17. Qd3 Qb6 18. Kh1 Kh8 19. Ng3 Rac8 20. f5 exf5 21. exf5 Nxf5 22. Nxf5 Be4 23. Qg3 Bxf5 24. Bxf7 Rf8 25. Bb3 a4 26. Ba2 Rxc2 27. Bb4 Re8 28. Bb1 Rxb2 29. Bxf5 gxf5 30. Rxf5 Qg6 31. Qxg6 hxg6 32. Rxb5 d3 33. Rd1 d2 34. Rg1 Bd4 35. Rd5 Bxg1 36. Bc3+ Kg8 37. Bxb2 Re1 38. g3 Bd4+ 39. Kg2 d1=Q 0-1

[Event "NED-ch U14 Youth 2019"]
[Site "Assen"]
[Date "2019.05.02"]
[Round "7.5"]
[White "Kutchoukov, Daniel"]
[Black "Jakhari, Ansh"]
[Result "1-0"]
[ECO "B52"]
[WhiteElo "1862"]
[BlackElo "1630"]
[Annotator "NA"]
[PlyCount "63"]
[EventDate "2019.04.28"]
[EventType "swiss"]
[EventCountry "NED"]
[SourceTitle "playchess.com"]
[Source "ChessBase"]
[SourceQuality "1"]
[TimeControl "5400+30"]

1. e4 c5 2. Nf3 d6 3. Bb5+ Bd7 4. Bxd7+ Qxd7 5. c4 Nf6 6. Nc3 e6 7. O-O Nc6 8. d4 cxd4 9. Nxd4 Be7 10. f4 O-O 11. Be3 Rac8 12. b3 Rfd8 13. Qe2 Qe8 14. Rad1 Nxd4 15. Bxd4 b6 16. Kh1 Qc6 17. f5 a6 18. a4 Re8 19. Qe3 Rb8 20. Qg3 Kh8 21. Bxf6 gxf6 22. Qh3 Qc8 23. Rf4 Rg8 24. Rh4 Rg7 25. Ne2 Qg8 26. Nf4 Rb7 27. Rh6 Rg4 28. Rxh7+ Qxh7 29. Qxg4 exf5 30. exf5 Bf8 31. Nd5 Bg7 32. Rd3 1-0

[Event "NED-ch U14 Youth 2019"]
[Site "Assen"]
[Date "2019.05.02"]
[Round "7.6"]
[White "Dekker, Thiemen"]
[Black "Catalan, Ciro"]
[Result "1/2-1/2"]
[ECO "B22"]
[WhiteElo "1521"]
[BlackElo "1599"]
[Annotator "NA"]
[PlyCount "64"]
[EventDate "2019.04.28"]
[EventType "swiss"]
[EventCountry "NED"]
[SourceTitle "playchess.com"]
[Source "ChessBase"]
[SourceQuality "1"]
[TimeControl "5400+30"]

1. e4 c5 2. c3 Nf6 3. e5 Nd5 4. d4 cxd4 5. Nf3 Nc6 6. cxd4 d6 7. Bc4 Nb6 8. Bb5 Bd7 9. exd6 exd6 10. Nc3 Be7 11. O-O O-O 12. Re1 a6 13. Bd3 Re8 14. a3 d5 15. Bf4 Rc8 16. h3 Bf6 17. Ne5 g6 18. Nxc6 Bxc6 19. Rxe8+ Qxe8 20. Be3 Bg7 21. Rc1 Qe7 22. Qf3 Rd8 23. Qe2 Re8 24. Qd2 Qd8 25. Re1 Nd7 26. Rc1 Nf8 27. Be2 Ne6 28. Bf3 Qd6 29. b4 Rd8 30. Qd3 Nf4 31. Qd2 Ne6 32. Qd3 Nf4 1/2-1/2

[Event "NED-ch U14 Youth 2019"]
[Site "Assen"]
[Date "2019.05.02"]
[Round "7.9"]
[White "Boghossian, Wahe"]
[Black "Van Kuijk, Vadim"]
[Result "1-0"]
[ECO "B33"]
[WhiteElo "1820"]
[BlackElo "1589"]
[Annotator "NA"]
[PlyCount "77"]
[EventDate "2019.04.28"]
[EventType "swiss"]
[EventCountry "NED"]
[SourceTitle "playchess.com"]
[Source "ChessBase"]
[SourceQuality "1"]
[TimeControl "5400+30"]

1. e4 c5 2. Nf3 Nc6 3. d4 cxd4 4. Nxd4 Nf6 5. Nc3 e5 6. Nb3 Bb4 7. Bd3 O-O 8. Bd2 d6 9. O-O Be6 10. a3 Bc5 11. Nxc5 dxc5 12. b3 Nd4 13. Bg5 Rc8 14. Kh1 c4 15. bxc4 Bxc4 16. Bxc4 Rxc4 17. Nd5 h5 18. Qd3 Rc6 19. Nxf6+ Rxf6 20. c3 Ne6 21. Qxd8 Rxd8 22. Bxf6 gxf6 23. Rfd1 Rc8 24. Rac1 Nf4 25. g3 Ne2 26. Rc2 Nd4 27. Rb2 Rxc3 28. Rxb7 Rxa3 29. Rc1 f5 30. exf5 Nxf5 31. Rcc7 Nd6 32. Rxa7 Rb3 33. Rd7 Rb6 34. Kg2 Kg7 35. Ra5 Kf6 36. Rd8 Ke6 37. Rh8 Rb2 38. Rxh5 Rb8 39. Rhxe5+ 1-0

[Event "NED-ch U14 Youth 2019"]
[Site "Assen"]
[Date "2019.05.02"]
[Round "7.10"]
[White "De Putter, Sven"]
[Black "Franke, Daniel"]
[Result "0-1"]
[ECO "B23"]
[WhiteElo "1381"]
[BlackElo "1465"]
[Annotator "NA"]
[PlyCount "84"]
[EventDate "2019.04.28"]
[EventType "swiss"]
[EventCountry "NED"]
[SourceTitle "playchess.com"]
[Source "ChessBase"]
[SourceQuality "1"]
[TimeControl "5400+30"]

1. e4 c5 2. Nc3 g6 3. Bc4 Bg7 4. f4 e6 5. Nf3 Nc6 6. d3 Nge7 7. Qe2 O-O 8. O-O Re8 9. Qf2 d5 10. Bb3 Nd4 11. Qg3 Nxf3+ 12. Rxf3 Bd4+ 13. Kh1 Bxc3 14. bxc3 dxe4 15. Rf2 Nf5 16. Qh3 b6 17. Bb2 e3 18. Re2 Qc7 19. g4 Bb7+ 20. Kg1 Qc6 21. Rg2 Qxg2+ 22. Qxg2 Bxg2 23. Kxg2 Nd6 24. Kf3 b5 25. Ba3 Rac8 26. Kxe3 Red8 27. c4 a6 28. cxb5 axb5 29. c4 b4 30. Bb2 Ra8 31. Bf6 Rd7 32. h4 Ne8 33. Be5 Ng7 34. Rg1 h5 35. Bxg7 Kxg7 36. gxh5 Kf6 37. hxg6 fxg6 38. Rg5 Ra5 39. Ke4 Rh7 40. d4 Rxh4 41. dxc5 Rh5 42. Re5 Rxc5 0-1

[Event "NED-ch U14 Youth 2019"]
[Site "Assen"]
[Date "2019.05.02"]
[Round "7.11"]
[White "Van Foreest, Nanne"]
[Black "Tiggelman, Vincent"]
[Result "1-0"]
[ECO "B13"]
[WhiteElo "1790"]
[BlackElo "1378"]
[Annotator "NA"]
[PlyCount "96"]
[EventDate "2019.04.28"]
[EventType "swiss"]
[EventCountry "NED"]
[SourceTitle "playchess.com"]
[Source "ChessBase"]
[SourceQuality "1"]
[TimeControl "5400+30"]

1. e4 c6 2. Nf3 d5 3. Nc3 Bg4 4. exd5 cxd5 5. h3 Bxf3 6. Qxf3 e6 7. d4 Nc6 8. Bb5 Nf6 9. O-O Be7 10. Be3 O-O 11. Ne2 Rc8 12. c3 Qb6 13. Bd3 Rfe8 14. Qg3 Nh5 15. Qf3 Nf6 16. g4 Nd7 17. Qg3 Qd8 18. f4 Nf8 19. g5 g6 20. h4 Bd6 21. h5 a6 22. hxg6 fxg6 23. Kg2 Ne7 24. Rh1 Nf5 25. Qh3 Qe7 26. Rae1 b5 27. Ng3 Qg7 28. Nxf5 exf5 29. Qf3 Qf7 30. Re2 Re7 31. Rhe1 Rce8 32. Bd2 Rxe2+ 33. Rxe2 Rxe2+ 34. Qxe2 Qe6 35. a4 bxa4 36. Bxa6 Qe4+ 37. Qxe4 dxe4 38. Bb5 a3 39. bxa3 Bxa3 40. c4 Kf7 41. Kf2 Ke6 42. Ba5 Kd6 43. c5+ Bxc5 44. dxc5+ Kxc5 45. Be8 Ne6 46. Ke3 Nxg5 47. fxg5 Kd6 48. Bb4+ Ke6 1-0

[Event "NED-ch U14 Youth 2019"]
[Site "Assen"]
[Date "2019.05.02"]
[Round "7.12"]
[White "Roebers, Eline"]
[Black "Brandsma, Romayn"]
[Result "1-0"]
[ECO "C41"]
[WhiteElo "2077"]
[BlackElo "1958"]
[Annotator "NA"]
[PlyCount "41"]
[EventDate "2019.04.28"]
[EventType "swiss"]
[EventCountry "NED"]
[SourceTitle "playchess.com"]
[Source "ChessBase"]
[SourceQuality "1"]
[TimeControl "5400+30"]

1. e4 d6 2. d4 Nf6 3. Nc3 e5 4. Nf3 Nbd7 5. Bc4 Be7 6. O-O O-O 7. h3 b6 8. Qe2 c6 9. a4 Qc7 10. Bg5 Re8 11. Rfe1 Bb7 12. dxe5 Nxe5 13. Nxe5 dxe5 14. Nd1 Rad8 15. Ne3 c5 16. Nf5 h6 17. Bxh6 gxh6 18. Nxh6+ Kh7 19. Nxf7 Rd4 20. Ng5+ Kg6 21. Bf7+ 1-0

[Event "NED-ch U14 Youth 2019"]
[Site "Assen"]
[Date "2019.05.02"]
[Round "7.13"]
[White "Arnold, Lorin"]
[Black "Shadrin, Mitia"]
[Result "1/2-1/2"]
[ECO "B23"]
[WhiteElo "1598"]
[BlackElo "1692"]
[Annotator "NA"]
[PlyCount "61"]
[EventDate "2019.04.28"]
[EventType "swiss"]
[EventCountry "NED"]
[SourceTitle "playchess.com"]
[Source "ChessBase"]
[SourceQuality "1"]
[TimeControl "5400+30"]

1. e4 c5 2. Nc3 g6 3. f4 Bg7 4. Nf3 Nc6 5. Bc4 e6 6. d3 Nge7 7. O-O O-O 8. Qe1 d5 9. Bb3 Nd4 10. Qh4 Nxb3 11. axb3 Nc6 12. exd5 exd5 13. Bd2 Qxh4 14. Nxh4 Rd8 15. f5 Bd4+ 16. Kh1 Nb4 17. fxg6 hxg6 18. Rf3 Nxc2 19. Raf1 Bg4 20. Rxf7 Ne3 21. Bxe3 Bxe3 22. h3 Be6 23. Rxb7 Rf8 24. Rxf8+ Rxf8 25. Nxg6 Rf1+ 26. Kh2 d4 27. Ne4 Bf7 28. Ne7+ Kf8 29. Rxa7 Rd1 30. Nf5 Bg1+ 31. Kh1 1/2-1/2

[Event "NED-ch U14 Youth 2019"]
[Site "Assen"]
[Date "2019.05.03"]
[Round "8.1"]
[White "Roebers, Eline"]
[Black "Pham, Khoi"]
[Result "1-0"]
[ECO "B91"]
[WhiteElo "2077"]
[BlackElo "2140"]
[Annotator "NA"]
[PlyCount "63"]
[EventDate "2019.04.28"]
[EventType "swiss"]
[EventCountry "NED"]
[SourceTitle "playchess.com"]
[Source "ChessBase"]
[SourceQuality "1"]
[TimeControl "5400+30"]

1. e4 c5 2. Nf3 d6 3. d4 cxd4 4. Nxd4 Nf6 5. Nc3 a6 6. g3 e5 7. Nde2 b5 8. Bg2 Nbd7 9. Nd5 Nxd5 10. Qxd5 Nb6 11. Qd1 Be7 12. O-O b4 13. c3 bxc3 14. Nxc3 O-O 15. f4 a5 16. Qf3 exf4 17. Bxf4 Bb7 18. Rfd1 Nc4 19. b3 Qb6+ 20. Qf2 Qxf2+ 21. Kxf2 Nb2 22. Rd2 Bf6 23. Rc1 Rac8 24. e5 dxe5 25. Bxb7 Rcd8 26. Rxb2 exf4 27. gxf4 Rd7 28. Ba6 Rd4 29. Kf3 h6 30. Re2 Rfd8 31. Ne4 Bh4 32. Rc8 1-0

[Event "NED-ch U14 Youth 2019"]
[Site "Assen"]
[Date "2019.05.03"]
[Round "8.2"]
[White "Yeh, Timo"]
[Black "Kutchoukov, Daniel"]
[Result "1/2-1/2"]
[ECO "D35"]
[WhiteElo "1783"]
[BlackElo "1862"]
[Annotator "NA"]
[PlyCount "49"]
[EventDate "2019.04.28"]
[EventType "swiss"]
[EventCountry "NED"]
[SourceTitle "playchess.com"]
[Source "ChessBase"]
[SourceQuality "1"]
[TimeControl "5400+30"]

1. Nf3 Nf6 2. c4 e6 3. g3 d5 4. cxd5 exd5 5. Bg2 Bd6 6. d4 O-O 7. Nc3 c6 8. Qc2 Re8 9. O-O a6 10. Re1 Nbd7 11. Nh4 Nb6 12. Nf5 Bf8 13. Bf4 Nc4 14. a3 Ne4 15. Ne3 Nxe3 16. Bxe3 Bf5 17. Qb3 Rb8 18. Bf4 Bd6 19. Nxe4 Bxf4 20. Nc5 Bd6 21. Rac1 Qg5 22. f4 Qf6 23. e3 Bxc5 24. Rxc5 Be4 25. Bxe4 1/2-1/2

[Event "NED-ch U14 Youth 2019"]
[Site "Assen"]
[Date "2019.05.03"]
[Round "8.3"]
[White "Bleeker, Kasper"]
[Black "Slagboom, Leandro"]
[Result "1/2-1/2"]
[ECO "B13"]
[WhiteElo "1932"]
[BlackElo "1738"]
[Annotator "NA"]
[PlyCount "62"]
[EventDate "2019.04.28"]
[EventType "swiss"]
[EventCountry "NED"]
[SourceTitle "playchess.com"]
[Source "ChessBase"]
[SourceQuality "1"]
[TimeControl "5400+30"]

1. e4 c6 2. d4 d5 3. exd5 cxd5 4. Bd3 Nc6 5. c3 Qc7 6. h3 Nf6 7. Ne2 g6 8. Bf4 Qb6 9. Qc2 Bf5 10. Bxf5 gxf5 11. Ng3 e6 12. Nd2 O-O-O 13. Nf3 Bd6 14. Ne5 Qc7 15. Qe2 Ne4 16. Nxc6 Qxc6 17. Bxd6 Qxd6 18. Nxe4 fxe4 19. O-O-O Kb8 20. Kb1 Rc8 21. f3 f5 22. fxe4 fxe4 23. Rhf1 Rcf8 24. Qh5 Qg3 25. Rf7 e3 26. Rdf1 Rxf7 27. Rxf7 e2 28. Qxe2 Qg6+ 29. Kc1 Qxf7 30. Qe5+ Kc8 31. Qxh8+ Kd7 1/2-1/2

[Event "NED-ch U14 Youth 2019"]
[Site "Assen"]
[Date "2019.05.03"]
[Round "8.4"]
[White "Brandsma, Romayn"]
[Black "De Winter, Arthur"]
[Result "1-0"]
[ECO "B48"]
[WhiteElo "1958"]
[BlackElo "1661"]
[Annotator "NA"]
[PlyCount "77"]
[EventDate "2019.04.28"]
[EventType "swiss"]
[EventCountry "NED"]
[SourceTitle "playchess.com"]
[Source "ChessBase"]
[SourceQuality "1"]
[TimeControl "5400+30"]

1. e4 c5 2. Nf3 e6 3. d4 cxd4 4. Nxd4 Nc6 5. Nc3 Qc7 6. Be3 a6 7. Qf3 Nf6 8. O-O-O Bb4 9. Bf4 e5 10. Nd5 Nxd5 11. exd5 Ne7 12. Bg3 d6 13. Nb3 O-O 14. h4 a5 15. a3 Bf5 16. Bd3 Bxd3 17. Qxd3 Bc5 18. Bxe5 dxe5 19. d6 Qb6 20. Nxc5 Qxc5 21. dxe7 Qxe7 22. Qd6 Rfe8 23. Rd5 f6 24. Rhd1 Ra6 25. Qxe7 Rxe7 26. Rd6 Ra7 27. Rb6 Kf7 28. Rd5 Kg6 29. g4 h5 30. f3 hxg4 31. fxg4 e4 32. h5+ Kf7 33. Kd2 e3+ 34. Ke2 Re4 35. g5 fxg5 36. Rxg5 Rc4 37. c3 Rh4 38. Kxe3 Rh2 39. Rc5 1-0

[Event "NED-ch U14 Youth 2019"]
[Site "Assen"]
[Date "2019.05.03"]
[Round "8.5"]
[White "Catalan, Ciro"]
[Black "Klaren, Duncan"]
[Result "0-1"]
[ECO "A65"]
[WhiteElo "1599"]
[BlackElo "1980"]
[Annotator "NA"]
[PlyCount "80"]
[EventDate "2019.04.28"]
[EventType "swiss"]
[EventCountry "NED"]
[SourceTitle "playchess.com"]
[Source "ChessBase"]
[SourceQuality "1"]
[TimeControl "5400+30"]

1. d4 Nf6 2. c4 c5 3. d5 e6 4. Nc3 exd5 5. cxd5 d6 6. e4 g6 7. f3 Bg7 8. Nge2 O-O 9. Ng3 a6 10. a4 Re8 11. Be2 h5 12. O-O h4 13. Nh1 h3 14. g3 Nh7 15. Be3 f5 16. Qd2 Nd7 17. Nf2 fxe4 18. Nfxe4 Ndf6 19. Bd3 Bf5 20. Bh6 Nxe4 21. fxe4 Bd4+ 22. Kh1 Bg4 23. Qf4 Qd7 24. a5 Bh5 25. Qd2 Nf6 26. Be3 Bxe3 27. Qxe3 Ng4 28. Qd2 Rf8 29. Kg1 Ne5 30. Be2 Bf3 31. Qd1 Qg4 32. Bxf3 Rxf3 33. Qe2 Raf8 34. Rxf3 Nxf3+ 35. Kh1 Rf7 36. Rb1 Qg5 37. Rf1 Nd4 38. Qe1 Qd2 39. Rg1 Qxb2 40. Qe3 Rf2 0-1

[Event "NED-ch U14 Youth 2019"]
[Site "Assen"]
[Date "2019.05.03"]
[Round "8.6"]
[White "Boghossian, Wahe"]
[Black "Dekker, Thiemen"]
[Result "1-0"]
[ECO "C56"]
[WhiteElo "1820"]
[BlackElo "1521"]
[Annotator "NA"]
[PlyCount "53"]
[EventDate "2019.04.28"]
[EventType "swiss"]
[EventCountry "NED"]
[SourceTitle "playchess.com"]
[Source "ChessBase"]
[SourceQuality "1"]
[TimeControl "5400+30"]

1. e4 e5 2. Nf3 Nc6 3. d4 exd4 4. Bc4 Nf6 5. e5 d5 6. Bb5 Ne4 7. Nxd4 Bc5 8. O-O Bd7 9. Bxc6 bxc6 10. c3 O-O 11. f3 f6 12. e6 Bxe6 13. fxe4 dxe4 14. Kh1 Bxd4 15. Qxd4 Qxd4 16. cxd4 f5 17. Na3 h6 18. h4 Bd5 19. Bf4 Rae8 20. Nc2 Rf7 21. Ne3 Ref8 22. Nxd5 cxd5 23. h5 Re8 24. Rfe1 c5 25. dxc5 d4 26. Rad1 Rd7 27. Bd6 1-0

[Event "NED-ch U14 Youth 2019"]
[Site "Assen"]
[Date "2019.05.03"]
[Round "8.7"]
[White "Franke, Daniel"]
[Black "Jakhari, Ansh"]
[Result "0-1"]
[ECO "D37"]
[WhiteElo "1465"]
[BlackElo "1630"]
[Annotator "NA"]
[PlyCount "160"]
[EventDate "2019.04.28"]
[EventType "swiss"]
[EventCountry "NED"]
[SourceTitle "playchess.com"]
[Source "ChessBase"]
[SourceQuality "1"]
[TimeControl "5400+30"]

1. d4 Nf6 2. c4 e6 3. Nf3 d5 4. Nc3 Bd6 5. c5 Be7 6. e3 b6 7. b4 a5 8. bxa5 bxc5 9. dxc5 Bxc5 10. Bd2 O-O 11. Bd3 Nc6 12. Qc2 Nb4 13. Qb1 Nxd3+ 14. Qxd3 Ba6 15. Qc2 Bb4 16. Ne2 Bxd2+ 17. Qxd2 c5 18. O-O Ne4 19. Qc2 Rc8 20. Rfc1 Qxa5 21. Nc3 Nxc3 22. Qxc3 Qxc3 23. Rxc3 f6 24. Rac1 c4 25. Ra3 Ra8 26. Rb1 Rfb8 27. Rxb8+ Rxb8 28. h3 Ra8 29. Rc3 e5 30. Kf1 Rd8 31. Ra3 Rd6 32. Ke1 Kf7 33. g4 Ke7 34. Nh4 g6 35. Nf3 Kd7 36. h4 Ke6 37. g5 fxg5 38. Nxg5+ Kf5 39. Nf3 Bb7 40. Ra5 Kf6 41. Rb5 Ba6 42. Rc5 Bb7 43. Rb5 Bc8 44. Rc5 Be6 45. a4 Bg4 46. Nd2 Bd7 47. a5 Ke6 48. e4 Ba4 49. exd5+ Rxd5 50. Rxc4 Rxa5 51. Ne4 Kf5 52. Ng3+ Ke6 53. Ne4 Kf5 54. Ng3+ Kf6 55. Ne4+ Kf5 56. Ng3+ Ke6 57. Ne4 Bb5 58. Rc5 Ra1+ 59. Kd2 Ba6 60. Rc7 h6 61. Ra7 Ra2+ 62. Ke1 Re2+ 63. Kd1 Rxe4 64. Rxa6+ Kf5 65. h5 gxh5 66. Rxh6 Kg4 67. f3+ Kxf3 68. Rxh5 Ke3 69. Rh3+ Kf2 70. Rh2+ Kg3 71. Ra2 Rf4 72. Ra5 e4 73. Ra4 Kf3 74. Ke1 Rh4 75. Ra8 Rh1+ 76. Kd2 e3+ 77. Kd3 Rd1+ 78. Kc2 e2 79. Ra3+ Kf2 80. Rd3 Rxd3 0-1

[Event "NED-ch U14 Youth 2019"]
[Site "Assen"]
[Date "2019.05.03"]
[Round "8.9"]
[White "De Heij, Mees"]
[Black "Arnold, Lorin"]
[Result "0-1"]
[ECO "B32"]
[WhiteElo "1524"]
[BlackElo "1598"]
[Annotator "NA"]
[PlyCount "94"]
[EventDate "2019.04.28"]
[EventType "swiss"]
[EventCountry "NED"]
[SourceTitle "playchess.com"]
[Source "ChessBase"]
[SourceQuality "1"]
[TimeControl "5400+30"]

1. e4 c5 2. Nf3 Nc6 3. d4 cxd4 4. Nxd4 e5 5. Nb5 d6 6. N1c3 a6 7. Na3 b5 8. Nd5 Nge7 9. Bg5 h6 10. Bh4 Bb7 11. c3 Qa5 12. Be2 Nxd5 13. exd5 Ne7 14. O-O g5 15. Bg3 Bg7 16. Bf3 O-O 17. Qd2 f5 18. h3 Rad8 19. Rfe1 e4 20. Bd1 Bxd5 21. Bb3 Bxb3 22. axb3 Qb6 23. c4 bxc4 24. Nxc4 Qxb3 25. Nxd6 f4 26. Rxe4 Nf5 27. Ra3 Rxd6 28. Qxd6 Nxd6 29. Rxb3 Nxe4 30. Bh2 Rc8 31. g3 Nd2 32. Rd3 f3 33. Kh1 Rc1+ 34. Bg1 Rd1 35. b3 a5 36. Rd7 Bc3 37. Rd6 Kg7 38. Rd7+ Kf6 39. Rd6+ Kf5 40. Rxh6 Nxb3 41. g4+ Kf4 42. Rc6 Nd4 43. Rxc3 Rxg1+ 44. Kh2 Rg2+ 45. Kh1 Rxf2 46. Rc4 Kg3 47. Rc1 Rh2+ 0-1

[Event "NED-ch U14 Youth 2019"]
[Site "Assen"]
[Date "2019.05.03"]
[Round "8.11"]
[White "Tiggelman, Vincent"]
[Black "Van Kuijk, Vadim"]
[Result "1-0"]
[ECO "A04"]
[WhiteElo "1378"]
[BlackElo "1589"]
[Annotator "NA"]
[PlyCount "85"]
[EventDate "2019.04.28"]
[EventType "swiss"]
[EventCountry "NED"]
[SourceTitle "playchess.com"]
[Source "ChessBase"]
[SourceQuality "1"]
[TimeControl "5400+30"]

1. e4 c5 2. Nf3 Nc6 3. d3 g6 4. g3 Bg7 5. Nbd2 d6 6. Bg2 e5 7. O-O Nge7 8. Re1 Bg4 9. Nf1 Qd7 10. c3 h6 11. Ne3 h5 12. h4 f5 13. Nxg4 fxg4 14. Ng5 Rf8 15. Qb3 O-O-O 16. a4 d5 17. a5 Rf6 18. Nh7 Rd6 19. Ng5 Rf8 20. a6 b6 21. Rf1 Na5 22. Qc2 c4 23. exd5 cxd3 24. Qxd3 Nxd5 25. Bxd5 Rxd5 26. Qxg6 Nb3 27. Rb1 Rf6 28. Qxh5 Rd1 29. Be3 Rxb1 30. Rxb1 Qd3 31. Qe8+ Kc7 32. Qxe5+ Rd6 33. Qxg7+ Rd7 34. Qe5+ Kc8 35. Bf4 Qxb1+ 36. Kg2 Kd8 37. Ne6+ Ke8 38. Nc7+ Kf7 39. Qe6+ Kg7 40. Qxd7+ Kg6 41. Qe6+ Kh7 42. Qf7+ Kh8 43. Be5# 1-0

[Event "NED-ch U14 Youth 2019"]
[Site "Assen"]
[Date "2019.05.03"]
[Round "8.12"]
[White "Labruyere, Roger"]
[Black "Van der Hagen, Loek"]
[Result "1/2-1/2"]
[ECO "B91"]
[WhiteElo "1922"]
[BlackElo "1931"]
[Annotator "NA"]
[PlyCount "90"]
[EventDate "2019.04.28"]
[EventType "swiss"]
[EventCountry "NED"]
[SourceTitle "playchess.com"]
[Source "ChessBase"]
[SourceQuality "1"]
[TimeControl "5400+30"]

1. e4 c5 2. Nf3 d6 3. d4 cxd4 4. Nxd4 Nf6 5. Nc3 a6 6. g3 e5 7. Nb3 Be7 8. Bg2 Be6 9. O-O O-O 10. a4 Nbd7 11. h3 Qc7 12. Re1 Rfd8 13. Nd2 Rac8 14. Nf1 h6 15. Ne3 Bf8 16. g4 Nb6 17. h4 g6 18. a5 Nbd7 19. g5 hxg5 20. hxg5 Nh5 21. Ned5 Bxd5 22. Qxd5 Be7 23. Qd1 Re8 24. Be3 Nf8 25. Bh3 Ne6 26. Nd5 Qd8 27. Bg4 Nhg7 28. Bb6 Rc7 29. Bxe6 Nxe6 30. Nxc7 Nxc7 31. Qg4 Qc8 32. Qxc8 Rxc8 33. Bxc7 Rxc7 34. c3 Bxg5 35. Ra3 Kf8 36. Kf1 Ke7 37. Ke2 Ke6 38. Rb3 Bd8 39. Rd1 f5 40. f3 fxe4 41. fxe4 Rh7 42. Rd5 g5 43. Ra3 Rh2+ 44. Kf3 Rxb2 45. c4 Rc2 1/2-1/2

[Event "NED-ch U14 Youth 2019"]
[Site "Assen"]
[Date "2019.05.03"]
[Round "8.13"]
[White "Shadrin, Mitia"]
[Black "Van Foreest, Nanne"]
[Result "0-1"]
[ECO "C56"]
[WhiteElo "1692"]
[BlackElo "1790"]
[Annotator "NA"]
[PlyCount "72"]
[EventDate "2019.04.28"]
[EventType "swiss"]
[EventCountry "NED"]
[SourceTitle "playchess.com"]
[Source "ChessBase"]
[SourceQuality "1"]
[TimeControl "5400+30"]

1. e4 e5 2. Nf3 Nc6 3. Bc4 Nf6 4. d4 exd4 5. Ng5 d5 6. exd5 Na5 7. Qxd4 Nxc4 8. Qxc4 Qxd5 9. Qe2+ Be7 10. O-O h6 11. Nc3 Qc6 12. Re1 O-O 13. Qxe7 hxg5 14. Bxg5 Re8 15. Qb4 Bf5 16. Bxf6 gxf6 17. Rxe8+ Rxe8 18. Qb3 Rd8 19. Re1 Rd2 20. Ne2 Qd7 21. Qg3+ Kf8 22. Nc3 Rxc2 23. Qh4 Kg7 24. Qg3+ Bg6 25. h4 Qd6 26. Qf3 Qd2 27. Re2 Qc1+ 28. Kh2 Qxb2 29. Rxc2 Qxc2 30. h5 Bxh5 31. Qg3+ Bg6 32. Qxc7 Qxf2 33. Nd5 Qh4+ 34. Kg1 Qe1+ 35. Kh2 Qe5+ 36. Kh3 Qxd5 0-1

[Event "NED-ch U14 Youth 2019"]
[Site "Assen"]
[Date "2019.05.04"]
[Round "9.1"]
[White "Pham, Khoi"]
[Black "Kutchoukov, Daniel"]
[Result "1-0"]
[ECO "E20"]
[WhiteElo "2140"]
[BlackElo "1862"]
[Annotator "NA RC"]
[PlyCount "83"]
[EventDate "2019.04.28"]
[EventType "swiss"]
[EventCountry "NED"]
[SourceTitle "playchess.com"]
[Source "ChessBase"]
[SourceQuality "1"]
[TimeControl "5400+30"]

1. d4 Nf6 2. c4 e6 3. Nc3 Bb4 4. f3 c5 5. d5 O-O 6. e4 b5 {[%emt 0:00:13] E20: Nimzo-Indian: 4 g3 and 4 f3} (6... d6 7. Bg5 exd5 8. cxd5 Nbd7 9. Bd3 Ne5 10. Nge2 c4 11. Bc2 Bc5 12. Qd2 h6 13. Be3 Qb6 14. Bxc5 Qxc5 {½-½ (68) Mamedyarov,S (2817)-Aronian,L (2765) Kolkata 2018}) 7. Bd2 bxc4 8. Bxc4 Ba6 9. b3 Bxc3 $146 ({Black should play Predecessor:} 9... exd5 $15 10. exd5 (10. Bxd5 Nxd5 11. Nxd5 Bxd2+ 12. Qxd2 Nc6 13. Ne2 Bxe2 14. Qxe2 {1-0 (33) Volkov,S (2599)-Matsenko,S (2505) Kaliningrad 2015}) 10... Bxc4 11. bxc4 Ne8) 10. Bxc3 Nxe4 (10... exd5 $11 {keeps the balance.} 11. Bxd5 Nxd5 12. Qxd5 {[%mdl 64] Double Attack} Qb6) 11. fxe4 Qh4+ {[%emt 0:00:37] [#]} 12. g3 $1 Qxe4+ 13. Qe2 Qxh1 14. O-O-O exd5 15. Bxa6 Nxa6 {[%emt 0:00:00] [#]} 16. Nf3 $1 Qxd1+ $2 (16... Rae8 $16 {might work better.} 17. Qf2 {[#]} Qxd1+ $1 18. Kxd1 d4) 17. Qxd1 d4 18. Nxd4 cxd4 19. Qxd4 f6 20. Qc4+ {[%emt 0:00:07] Double Attack} d5 21. Qxa6 Rac8 22. Kb2 Rfe8 23. Bd4 Rc7 24. a4 Ree7 25. Ka3 Kf7 26. b4 h6 27. a5 Red7 28. Qd3 Ke6 29. Bc5 Rc6 30. Qe3+ Kf7 31. Bxa7 d4 32. Bxd4 Rcd6 33. Bc3 Re6 34. Qc5 Rd3 35. Ka4 Rd1 36. Kb5 Rdd6 37. Bd4 Ke7 38. Qc7+ Ke8 39. Bc5 Rd1 40. a6 Re5 41. a7 Ra1 42. Qc8+ $18 (42. Qxg7 $142 Ree1 43. Qxf6 h5 44. Qf8+ Kd7 45. Qf7+ Kc8 46. Kb6 Kd8 47. Bd6) 1-0

[Event "NED-ch U14 Youth 2019"]
[Site "Assen"]
[Date "2019.05.04"]
[Round "9.2"]
[White "Slagboom, Leandro"]
[Black "Roebers, Eline"]
[Result "1/2-1/2"]
[ECO "B08"]
[WhiteElo "1738"]
[BlackElo "2077"]
[Annotator "NA RC"]
[PlyCount "63"]
[EventDate "2019.04.28"]
[EventType "swiss"]
[EventCountry "NED"]
[SourceTitle "playchess.com"]
[Source "ChessBase"]
[SourceQuality "1"]
[TimeControl "5400+30"]

1. Nf3 g6 2. e4 Bg7 3. d4 d6 4. Nc3 Nf6 5. Bc4 O-O 6. h3 c6 7. O-O b5 8. Bd3 {[%emt 0:01:16] B08: Pirc Defence: Classical System} Qc7 (8... Nbd7 9. Qe2 e5 10. dxe5 dxe5 11. Rd1 Qe7 12. Be3 Nc5 13. Rac1 Nh5 14. a3 Ne6 15. Na2 Nef4 {0-1 (37) Gardian,A (1648)-Mirzoev,E (2511) Raciborz 2019}) 9. a4 $146 ({Predecessor:} 9. Bf4 Nh5 10. Bh2 e5 11. d5 b4 12. Ne2 cxd5 13. g4 Nf6 14. Ng3 dxe4 15. Nxe4 Nxe4 16. Bxe4 {0-1 (50) Edwards,S-Odiase,O (1834) Caleta 2016}) 9... b4 10. Ne2 e5 11. c3 bxc3 12. bxc3 Nbd7 13. Ba3 Re8 14. Ng3 d5 15. Re1 dxe4 16. Nxe4 Nxe4 17. Bxe4 exd4 18. cxd4 Nf6 19. Bd3 Be6 20. Rc1 Bd5 21. Ne5 Qb7 22. Bc4 Nd7 23. Bxd5 cxd5 24. Nc6 Nf6 25. Re5 Kh8 26. Qf3 Rac8 27. Rxe8+ Rxe8 28. Ne5 Kg8 29. Qc3 Nd7 30. Nc6 $11 Kh8 31. Qa5 Nb6 32. Qxa7 1/2-1/2